 Dungeon Crawl Stone Soup version 0.18.1-48-g4cf74bf (webtiles) character file.

133 Heedrag the Magician (level 4, -4/24 HPs)
             Began as a Deep Elf Conjurer on July 26, 2016.
             Was an Initiate of Vehumet.
             Slain by a scorpion (8 damage)
             ... on level 4 of the Dungeon.
             The game lasted 00:06:32 (3273 turns).

Heedrag the Magician (Deep Elf Conjurer)            Turns: 3273, Time: 00:06:33

Health: -4/24      AC:  3    Str:  3 (6)  XL:     4   Next: 94%
Magic:  1/15       EV: 12    Int: 17 (20) God:    Vehumet [......]
Gold:   143        SH:  0    Dex: 13 (15) Spells: 3 memorised, 9 levels left

rFire  . . .     SeeInvis .     i - +1 dagger (flame)
rCold  . . .     Gourm    .     a - +0 robe
rNeg   . . .     Faith    .     (no shield)
rPois  .         Spirit   .     r - +0 helmet
rElec  .         Dismiss  .     (no cloak)
rCorr  .         Reflect  .     (no gloves)
SustAt .         Harm     .     (no boots)
MR     .....                    (no amulet)
Stlth  ++........               (no ring)
                                (no ring)

@: not resistant to hostile enchantments, unstealthy
A: no striking features
a: Renounce Religion


You were on level 4 of the Dungeon.
You worshipped Vehumet.
Vehumet was noncommittal.
You were not hungry.

You visited 1 branch of the dungeon, and saw 4 of its levels.

You collected 143 gold pieces.

Inventory:

Hand Weapons
 i - a +1 dagger of flaming (weapon)
Armour
 a - a +0 robe (worn)
 r - a +0 helmet (worn)
Jewellery
 e - an uncursed amulet of harm {unknown}
Wands
 s - a wand of random effects (16/48)
Scrolls
 f - a scroll of blinking {unknown}
 n - a scroll of fear {unknown}
 o - a scroll of enchant weapon {unknown}
 p - 3 scrolls of recharging {unknown}
 q - 2 scrolls of magic mapping {unknown}
 v - a scroll of noise {unknown}
Potions
 d - a potion of curing
 h - a potion of magic {unknown}
 l - a potion of heal wounds {unknown}
 t - a potion of brilliance {unknown}
 u - a potion of lignification {unknown}
Books
 b - a book of Conjurations

   Spells                             Type                      Level
   a - Magic Dart                     Conjuration                  1
   b - Searing Ray                    Conjuration                  2
   c - Dazzling Spray                 Conjuration/Hexes            3
   d - Fulminant Prism                Conjuration/Hexes            4
   e - Iskenderun's Mystic Blast      Conjuration                  4
   f - Iskenderun's Battlesphere      Conjuration/Charms           5
 w - a book of Battle

   Spells                             Type                      Level
   a - Infusion                       Charms                       1
   b - Shroud of Golubria             Charms/Translocation         2
   c - Song of Slaying                Charms                       2
   d - Spectral Weapon                Hexes/Charms                 3
   e - Regeneration                   Charms/Necromancy            3
Comestibles
 c - 2 bread rations
 j - 3 fruits
 k - 4 chunks of flesh
 m - a slice of pizza


   Skills:
 - Level 2.4 Dodging
 - Level 2.4 Stealth
 * Level 7.0 Spellcasting
 - Level 4.3 Conjurations


You had 9 spell levels left.
You knew the following spells:

 Your Spells              Type           Power        Failure   Level  Hunger
a - Magic Dart            Conj           ###.         1%          1    None
b - Dazzling Spray        Conj/Hex       ##....       17%         3    ##.....
c - Iskenderun's Mystic   Conj           ###.....     21%         4    ####...


Dungeon Overview and Level Annotations

Branches:
Dungeon (4/15)
 Temple: D:4-7

Altars:
Ashenzari
Gozag
Kikubaaqudgha
Vehumet
Zin
The Shining One


Message History

Ye be too injured ta fight recklessly!
Ye completely miss tha scorpion.
Tha scorpion be heavily wounded.
Tha scorpion stin's ye but does nay damage.
Yer magical contamination has completely faded away.
Ye barely miss tha scorpion.
Tha scorpion be heavily wounded.
Tha scorpion stin's ye.
* * * LOW HITPOINT WARNIN'
* * * Ye be leth'lly poison'd!
Tha scorpion poisons ye!
Drink which item? (? fer menu, 'sc ta quit) It was a potion o' curin'.
Ye feel better.
Tha scorpion stin's ye!
* * * LOW HITPOINT WARNIN'
* * * Drink which item? (? fer menu, 'sc ta quit) It was a potion o' degeneration.
Thar was somethin' very wrong wit tha liquid.
Ye feel weaken'd.
Ye feel dopey.
Ye feel clumsy.
Tha scorpion stin's ye!
Ye die...

###.#.(
....#. #....
#...# #... .
#####.. ...
#.....##...##
#.@s......
#.###...##
#.# >..
#.##### #
##.#<..#
#......#
########


You could see a scorpion.

Vanquished Creatures
  5 adders
  A gnoll (D:1)
  3 worms
  2 dart slugs
  A giant gecko (D:1)
  3 orcs (D:3)
  2 ball pythons
  5 giant cockroaches
  7 goblins
  6 hobgoblins
  4 bats
  3 giant newts
  13 kobolds
  10 rats
65 creatures vanquished.

Vanquished Creatures (others)
  A plant (D:1)
1 creature vanquished.

Grand Total: 66 creatures vanquished

Notes
Turn   | Place    | Note
--------------------------------------------------------------
     0 | D:1      | Heedrag the Deep Elf Conjurer began the quest for the Orb.
     0 | D:1      | Reached XP level 1. HP: 10/10 MP: 6/6
   500 | D:1      | Reached skill level 4 in Spellcasting
   500 | D:1      | Reached XP level 2. HP: 15/15 MP: 7/9
  1137 | D:1      | Reached XP level 3. HP: 19/19 MP: 9/11
  1142 | D:1      | Learned a level 3 spell: Dazzling Spray
  1245 | D:1      | Reached skill level 5 in Spellcasting
  1572 | D:2      | Found an ancient bone altar of Kikubaaqudgha.
  1572 | D:2      | Found an opulent altar of Gozag.
  1668 | D:2      | Reached skill level 6 in Spellcasting
  1668 | D:2      | Reached XP level 4. HP: 24/24 MP: 10/14
  1699 | D:2      | Found a glowing golden altar of the Shining One.
  1708 | D:2      | Learned a level 4 spell: Iskenderun's Mystic Blast
  1940 | D:2      | Found a glowing silver altar of Zin.
  2162 | D:3      | Found a radiant altar of Vehumet.
  2174 | D:3      | Became a worshipper of Vehumet
  2410 | D:3      | Found a shattered altar of Ashenzari.
  3151 | D:3      | Reached skill level 7 in Spellcasting
  3202 | D:4      | Noticed an ogre
  3273 | D:4      | Slain by a scorpion

Skill      XL: |  1  2  3  4 |
---------------+-------------+-----
Spellcasting   | 4 6 7 |  7.0
Dodging        | |  2.4
Stealth        | |  2.4
Conjurations   | |  4.3

Action                   |  1- 3 |  4- 6 || total
-------------------------+-------+-------++-------
Melee: Dagger            |    18 |    10 ||    28
 Cast: Magic Dart        |    74 |    86 ||   160
       Dazzling Spray    |       |     3 ||     3
  Use: Potion            |       |     2 ||     2
  Eat: Chunk             |     2 |     5 ||     7
Armor: Robe              |       |     3 ||     3
Dodge: Dodged            |    20 |    16 ||    36
